 Dungeon Crawl Stone Soup version 0.27.1-34-g3ba077fa99 (webtiles) character file.

Game seed: 16516807608952647398

1392 porpoise the Covert (level 9, -1/72 HPs)
             Began as a Formicid Delver on Jan 5, 2022.
             Slain by Maggie (15 damage)
             ... on level 6 of the Dungeon.
             The game lasted 00:24:54 (8000 turns).

porpoise the Covert (Formicid Delver)               Turns: 8000, Time: 00:24:54

Health: -1/72      AC:  8    Str: 19    XL:     9   Next: 0%
Magic:  9/9        EV: 11    Int: 11    God:
Gold:   342        SH:  5    Dex: 12    Spells: 8/8 levels left

rFire    + . .     SeeInvis +   a - +0 quarterstaff
rCold    . . .     Faith    .   u - +0 buckler
rNeg     . . .     Spirit   .   G - +0 chain mail
rPois    .         Reflect  .   (helmet unavailable)
rElec    .         Harm     .   (no cloak)
rCorr    .         Rampage  .   (no gloves)
Will     .....                  (no boots)
Stlth    +.........             (no amulet)
HPRegen  0.22/turn              B - +4 ring of evasion
MPRegen  0.11/turn              y - ring of protection from fire

@: mesmerised
A: permanent stasis, dig shafts and tunnels, antennae 3, four strong arms
a: Dig, Shaft Self


You were on level 6 of the Dungeon.
You visited 1 branch of the dungeon, and saw 6 of its levels.

You collected 342 gold pieces.

Inventory:

Hand Weapons
 a - a +0 quarterstaff (weapon)
 b - a +0 hunting sling
 w - a +0 mace of draining
Missiles
 h - 110 stones
 n - 69 arrows
 p - 17 bolts
 s - a poisoned dart (quivered)
 v - 30 sling bullets
Armour
 u - a +0 buckler (worn)
 C - the +1 leather armour of the Moon {+Inv rC+}
   (You found it on level 6 of the Dungeon)

   rC:        It protects you from cold.
   +Inv:      It lets you turn invisible.
 G - a +0 chain mail (worn)
Jewellery
 k - a ring of magical power
 l - a ring of ice
 y - a ring of protection from fire (right hand)
 B - a +4 ring of evasion (left hand)
Wands
 f - a wand of digging (3)
 A - a wand of acid (5)
Scrolls
 c - 2 scrolls of fog
 d - 7 scrolls of magic mapping
 e - 2 scrolls of fear
 j - a scroll of enchant weapon
 m - a scroll of blinking {unknown}
 r - a scroll of torment {unknown}
 t - a scroll of acquirement {unknown}
 x - a scroll of silence {unknown}
 z - a scroll of vulnerability {unknown}
 E - a scroll of enchant armour {unknown}
Potions
 g - a potion of lignification
 o - 2 potions of flight
 q - a potion of haste {unknown}
 D - a potion of magic {unknown}
 F - 2 potions of attraction {unknown}


   Skills:
 - Level 7.0 Fighting
 - Level 2.8(4.6) Polearms
 + Level 5.6(5.9) Staves
 + Level 2.5 Armour
 - Level 1.7 Dodging
 + Level 8.2 Stealth
 - Level 4.0 Shields


You had 8 spell levels left.
You didn't know any spells.
Your spell library was empty.

Dungeon Overview and Level Annotations

Branches:
Dungeon (6/15)
 Temple: D:4-7

Altars:
Sif Muna
Yredelemnul
Zin

Shops:
D:1 (

Annotations:
D:6 Maggie


Innate Abilities, Weirdness & Mutations

You cannot be hasted, slowed, berserked, paralysed or teleported.
You can dig through walls and to a lower floor.
You have a pair of large antennae on your head. (SInv)
Your four strong arms can wield two-handed weapons with a shield.


Message History

The adder bites you but does no damage. Maggie barely misses you.
You see here 2 sling bullets.
You hit Maggie.
Maggie is lightly wounded.
The adder bites you but does no damage.
Maggie smiles, but it's obviously fake.
Maggie hits you but does no damage.
You closely miss Maggie.
Maggie is lightly wounded.
You block the adder's attack.
Maggie hits you with a +0 vorpal morningstar!
The adder barely misses you.
You sock Maggie!
Maggie is lightly wounded.
Maggie closely misses you. The adder bites you but does no damage.
You hit Maggie.
Maggie is moderately wounded.
The adder bites you but does no damage.
Maggie gestures wildly while chanting.
Maggie draws you further into her thrall.
You miss the adder. The adder bites you but does no damage.
Maggie hits you with a +0 vorpal morningstar!
The adder bites you but does no damage.
You hit Maggie.
Maggie is moderately wounded.
Maggie points at you and mumbles some strange words.
The bolt of fire hits you! You resist.
* * * LOW HITPOINT WARNING * * *
The adder closely misses you.
You hit Maggie.
Maggie is moderately wounded.
You block the adder's attack. Maggie barely misses you.
You sock Maggie!
Maggie is heavily wounded.
The adder bites you but does no damage. Maggie hits you but does no damage.
You thump Maggie!
Maggie is severely wounded.
The adder bites you but does no damage.
Maggie hits you with a +0 vorpal morningstar!
You die...

#.[....# #.#.#
#......####.#.#
###.........#.#
###########.# {
#......# .
#.###### ...
#.#
.....#####.#
.(....@@...#
####..S....#
#.......#
#######.# #.#
#.# #.# #.#


You could see Maggie (mesmerising) and an adder.

Vanquished Creatures
  A water moccasin (D:6)
  An ice beast (D:4)
  A black bear (D:6)
  3 ogres
  3 scorpions
  A water moccasin skeleton (D:6)
  A bullfrog zombie (D:5)
  A centaur zombie (D:6)
  2 hounds (D:5)
  2 orc priests
  3 bullfrog skeletons
  2 iguanas (D:5)
  4 orc wizards
  A killer bee zombie (D:5)
  4 adders
  3 gnolls (D:2)
  A shadow imp (D:6)
  A white imp (D:5)
  An ufetubus (D:5)
  A worm (D:2)
  An adder skeleton (D:4)
  3 dart slugs
  13 orcs
  2 ball pythons
  6 endoplasms
  6 giant cockroaches
  A goblin (D:4)
  4 hobgoblins
  4 jackals (D:2)
  3 quokkas
  6 bats
  4 frilled lizards
  8 kobolds
  6 rats
104 creatures vanquished.

Notes
Turn   | Place    | Note
-------+----------+-------------------------------------------
     0 | D:5      | porpoise the Formicid Delver began the quest for the Orb.
     0 | D:5      | Reached XP level 1. HP: 18/18 MP: 1/1
     5 | D:5      | Noticed an iguana
     6 | D:5      | Noticed an iguana
    20 | D:5      | Noticed a scorpion
    53 | D:4      | Noticed an orc wizard
    98 | D:3      | Found a basalt altar of Yredelemnul.
   195 | D:1      | Reached XP level 2. HP: 22/24 MP: 2/2
   481 | D:1      | Found Jedobing's Weapon Shop.
  1028 | D:1      | Reached XP level 3. HP: 30/30 MP: 3/3
  2110 | D:2      | Reached XP level 4. HP: 22/38 MP: 4/4
  3037 | D:2      | Reached XP level 5. HP: 43/43 MP: 5/5
  3198 | D:2      | Reached skill level 5 in Fighting
  3260 | D:3      | Reached skill level 1 in Staves
  3658 | D:3      | Found a faded altar of an unknown god.
  4076 | D:4      | Reached XP level 6. HP: 33/51 MP: 6/6
  4411 | D:4      | Reached skill level 1 in Shields
  4476 | D:4      | Found a glowing silver altar of Zin.
  4514 | D:4      | Noticed an ice beast
  4523 | D:4      | Killed an ice beast
  4590 | D:4      | Noticed an ogre
  4600 | D:4      | Killed an ogre
  4601 | D:4      | Reached XP level 7. HP: 36/57 MP: 7/7
  5894 | D:5      | Reached XP level 8. HP: 27/65 MP: 8/8
  6492 | D:5      | Reached skill level 7 in Stealth
  7150 | D:5      | Found a shimmering blue altar of Sif Muna.
  7218 | D:6      | HP: 1/67 [water moccasin (5)]
  7221 | D:6      | Reached skill level 5 in Staves
  7221 | D:6      | Reached skill level 1 in Armour
  7579 | D:6      | Identified the +1 leather armour of the Moon {+Inv rC+}
  7786 | D:6      | Reached skill level 8 in Stealth
  7981 | D:6      | Noticed Maggie
  7991 | D:6      | Reached XP level 9. HP: 51/72 MP: 9/9
  8000 | D:6      | Slain by Maggie

Illustrated notes

Levels and vault maps discovered:
D:1:      eino_arrival_tree_alley, layout_basic, serial_shops, shop,
          minmay_tetromino_s4
D:2:      layout_basic, nrook_mini_backslash
D:3:      layout_rooms, mainiacjoe_overflow_boulevard,
          shapermc_ecumenical_altar_mp_vishouse
D:4:      layout_rooms, mainiacjoe_overflow_surrounded_room
D:5:      layout_rooms, lemuel_blue_sif_altar, grunt_ministairs_14
D:6:      layout_basic, uniq_maggie, uniq_edmund

Skill      XL: |  1  2  3  4  5  6  7  8 |
---------------+-------------------------+-----
Fighting       | 4 5 6 7 |  7.0
Staves         | 1 2 3 5 |  5.6
Shields        | 3 4 |  4.0
Stealth        | 8 |  8.2
Armour         | 2 |  2.5
Polearms       | |  2.8
Dodging        | |  1.7

Action                   |  1- 3 |  4- 6 |  7- 9 || total
-------------------------+-------+-------+-------++-------
Melee: Spear             |   145 |    27 |       ||   172
       Quarterstaff      |       |   112 |   150 ||   262
       Mace              |       |       |    31 ||    31
 Fire: Hunting sling     |       |       |    22 ||    22
Throw: Stone             |     1 |     6 |     6 ||    13
       Dart              |       |     3 |    11 ||    14
 Abil: Dig               |       |       |     4 ||     4
  Use: Scroll            |     2 |       |     3 ||     5
       Potion            |       |     1 |     3 ||     4
 Stab: Sleeping          |    13 |     5 |     1 ||    19
       Distracted        |       |       |     1 ||     1
Armor: Leather armour    |    26 |     1 |     5 ||    32
       Ring mail         |       |    33 |    40 ||    73
       Chain mail        |       |       |    13 ||    13
Dodge: Dodged            |    57 |    81 |    83 ||   221
Block: Buckler           |       |       |    53 ||    53
